 Dungeon Sprint DCSS version 0.22.1-1-ga44c0e56f4 (webtiles) character file.

4933 MuseOD the Unseen (level 10, -1/58 HPs)
             Began as a Spriggan Enchanter on Sept 23, 2018.
             Was a High Priest of Dithmenos.
             Slain by a spriggan rider
             ... wielding a +0 spear
              (23 damage)
             ... in the Dungeon (Sprint IV: "Fedhas' Mad Dash").
             The game lasted 00:05:42 (1430 turns).

MuseOD the Unseen (Spriggan Enchanter)              Turns: 1430, Time: 00:05:43

Health: -1/58      AC:  2    Str:  4    XL:     10   Next: 27%
Magic:  4/23       EV: 18    Int: 20    God:    Dithmenos [*****.]
Gold:   173        SH:  0    Dex: 17    Spells: 14/26 levels left

rFire    . . .     SeeInvis +   a - +1 dagger
rCold    . . .     Gourm    .   (shield restricted)
rNeg     . . .     Faith    .   b - +0 robe
rPois    .         Spirit   .   (helmet restricted)
rElec    .         Reflect  .   (no cloak)
rCorr    .         Harm     .   (gloves unavailable)
MR       +....     NoTele   +   (boots unavailable)
Stlth    ++++++++++             c - amulet of invisibility {+Inv}
HPRegen  0.19/turn              (no ring)
MPRegen  0.18/turn              (no ring)

@: wreathed by umbra, very quick
A: very small, unfitting armour, see invisible, herbivore, speed 3, slow
metabolism 2
a: Shadow Step, Shadow Form, Renounce Religion, Evoke Invisibility


You were in the Dungeon.
You worshipped Dithmenos.
Dithmenos was extremely pleased with you.
You were very hungry.

You visited 1 branch You collected 173 gold pieces.

Inventory:

Hand Weapons
 a - a +1 dagger (weapon)
Armour
 b - a +0 robe (worn)
Jewellery
 c - the amulet of invisibility (around neck) {+Inv}
   (You found it in the Dungeon)

   [amulet of nothing]

   It lets you turn invisible.
 f - a cursed -3 ring of intelligence {unknown}
Scrolls
 i - a scroll of magic mapping {unknown}
 j - a scroll of blinking
 k - a scroll of identify {unknown}
 l - a scroll of enchant armour {unknown}
Potions
 e - a potion of cancellation {unknown}
 g - a potion of haste
 h - a potion of magic
 m - a potion of brilliance {unknown}
Comestibles
 d - 4 rations


   Skills:
 - Level 9.1 Fighting
 - Level 15.8 Short Blades
 - Level 3.0 Dodging
 + Level 18.6 Stealth
 + Level 8.8 Spellcasting
 + Level 9.1 Hexes


You had 14 spell levels left.
You knew the following spells:

 Your Spells              Type           Power        Failure   Level  Hunger
a - Corona                Hex            #####..      1%          1    None
b - Ensorcelled Hibernat  Hex/Ice        ####..       1%          2    None
c - Confuse               Hex            #####...     1%          3    None
d - Dazzling Spray        Conj/Hex       ####..       3%          3    None
e - Mephitic Cloud        Conj/Pois/Air  #.......     24%         3    None

Your spell library contained the following spells:

 Spells                   Type           Power        Failure   Level  Hunger
 Slow                     Hex            #####...     1%          2    None
 Tukima's Dance           Hex            #####...     1%          3    None
 Magic Dart               Conj           #...         8%          1    None
 Blink                    Tloc           N/A          12%         2    None
 Call Imp                 Summ           #.......     12%         2    None
 Shroud of Golubria       Chrm/Tloc      #.........   12%         2    None
 Conjure Flame            Conj/Fire      #.......     24%         3    None
 Gell's Gravitas          Tloc           #.........   24%         3    None
 Lesser Beckoning         Tloc           #.........   24%         3    None
 Teleport Other           Tloc           #.......     24%         3    None
 Passage of Golubria      Tloc           N/A          61%         4    ###....


Dungeon Overview and Level Annotations

Branches:
Dungeon (1/1)

Altars:
Cheibriados
Dithmenos
Elyvilon
Gozag
Hepliaklqana
Kikubaaqudgha
Makhleb
Nemelex Xobeh
Okawaru
Qazlal
Ru
Sif Muna
Trog
Uskayaw
Vehumet
Wu Jian
Xom
Yredelemnul
Zin
The Shining One
Beogh
Jiyva
Lugonu

Shops:
D *=??*

Annotations:
D Agnes


Innate Abilities, Weirdness & Mutations

You are very small and have problems with some larger weapons.
You are too small for most types of armour.
You have supernaturally acute eyesight. (SInv)
You are a herbivore.
You cover ground extremely quickly.
You need to consume almost no food.


Message History

Aim: a spriggan rider, wielding a spear (umbra, chance to defeat MR: 9%)
The spriggan rider resists with almost no effort.
The spriggan rider hits you from afar with a spear!
You hit the spriggan but do no damage.
Your shadow hits the spriggan but does no damage.
The spriggan closely misses you. The spriggan rider barely misses you.
You strike the helpless spriggan from behind!
You skewer the spriggan like a kebab!!!
You kill the spriggan!
Dithmenos accepts your kill.
Your Hexes skill increases to level 9!
There is an open door here.
Casting: Confuse (safe; 1% risk of failure)
Confirm with . or Enter, or press ? or * to list all spells.
Aiming: Confuse (safe; 1% risk of failure)
Press: ? - help, Shift-Dir - straight line, f/p - spriggan rider
Aim: a spriggan rider, wielding a spear (umbra, chance to defeat MR: 9%)
The spriggan rider resists with almost no effort.
The spriggan rider hits you from afar with a spear!!
You die...

###################
.⌠.#.()...#....##∩#
_..'..#...#....'..# +#
...#..###'##..(##∩# $####
_..#.(##∩∩.'...#### ....#
.⌠.#################...∩#
########......###...).♣
##.'.)'.......'†@.i)♣
#..#..#.P.....#######
##.##+##.P....# ...#
.♣######## #### .. ..♣
... .i.. ####


You could see a spriggan rider.

Vanquished Creatures
  A spriggan druid (D)
  6 oklob plants (D)
  A demonic crawler (D)
  3 wandering mushrooms (D)
  3 burning bushes (D)
  2 scorpions (D)
  3 killer bees (D)
  5 oklob saplings (D)
  A worker ant (D)
  4 spriggans (D)
  A river rat (D)
  A rat (D)
  A ballistomycete spore (D)
32 creatures vanquished.

Vanquished Creatures (collateral kills)
  A killer bee (D)
1 creature vanquished.

Vanquished Creatures (others)
  A queen bee (D)
  3 fungi (D)
4 creatures vanquished.

Grand Total: 37 creatures vanquished

Notes
Turn   | Place    | Note
-------+----------+-------------------------------------------
     0 | D        | MuseOD the Spriggan Enchanter began the quest for the Orb.
     0 | D        | Reached XP level 1. HP: 9/9 MP: 5/5
     8 | D        | Reached skill level 1 in Fighting
     8 | D        | Reached skill level 5 in Stealth
     8 | D        | Reached XP level 2. HP: 14/14 MP: 6/6
    15 | D        | Learned a level 2 spell: Ensorcelled Hibernation
    15 | D        | Noticed an oklob sapling
    17 | D        | Killed an oklob sapling
    17 | D        | Reached skill level 6 in Stealth
    17 | D        | Reached XP level 3. HP: 18/18 MP: 8/8
    20 | D        | Found the amulet of invisibility {+Inv}
    24 | D        | Reached skill level 5 in Short Blades
    24 | D        | Reached skill level 7 in Stealth
    52 | D        | Noticed an oklob sapling
    55 | D        | Killed an oklob sapling
    55 | D        | Reached XP level 4. HP: 24/24 MP: 6/9
    83 | D        | Found an opulent altar of Gozag.
    83 | D        | Found a hazy altar of Hepliaklqana.
    83 | D        | Found a roughly hewn altar of Beogh.
    83 | D        | Found a snail-covered altar of Cheibriados.
    84 | D        | Found a burning altar of Makhleb.
    84 | D        | Found a sparkling altar of Nemelex Xobeh.
    84 | D        | Found a sacrificial altar of Ru.
    84 | D        | Found a deep blue altar of Sif Muna.
    84 | D        | Found a shimmering altar of Xom.
    84 | D        | Found a basalt altar of Yredelemnul.
    85 | D        | Found a viscous altar of Jiyva.
    85 | D        | Found a bloodstained altar of Trog.
    85 | D        | Found an ornate altar of the Wu Jian Council.
    91 | D        | Found an iron altar of Okawaru.
    91 | D        | Found a shadowy altar of Dithmenos.
    91 | D        | Found a glowing silver altar of Zin.
    92 | D        | Found a hide-covered altar of Uskayaw.
    92 | D        | Found an ancient bone altar of Kikubaaqudgha.
    93 | D        | Found a glowing golden altar of the Shining One.
    93 | D        | Found a stormy altar of Qazlal.
    93 | D        | Found a white marble altar of Elyvilon.
    94 | D        | Found a radiant altar of Vehumet.
    94 | D        | Found a corrupted altar of Lugonu.
    97 | D        | Reached skill level 8 in Stealth
    97 | D        | Reached XP level 5. HP: 29/29 MP: 7/10
   101 | D        | Became a worshipper of Dithmenos the Shadowed
   112 | D        | Reached skill level 9 in Stealth
   123 | D        | Reached * piety under Dithmenos
   123 | D        | Reached skill level 10 in Stealth
   134 | D        | Reached skill level 5 in Fighting
   134 | D        | Reached XP level 6. HP: 35/35 MP: 6/11
   145 | D        | Learned a level 3 spell: Confuse
   149 | D        | Learned a level 3 spell: Dazzling Spray
   255 | D        | Found Onnos's Jewellery Shop.
   255 | D        | Found Rinwodeh's Assorted Antiques.
   259 | D        | Noticed a burning bush
   259 | D        | Noticed a wandering mushroom
   260 | D        | Noticed a wandering mushroom
   262 | D        | Killed a wandering mushroom
   262 | D        | Reached skill level 12 in Stealth
   264 | D        | Reached ** piety under Dithmenos
   264 | D        | Reached XP level 7. HP: 40/40 MP: 12/12
   266 | D        | Killed a burning bush
   266 | D        | Reached skill level 13 in Stealth
   271 | D        | Killed a wandering mushroom
   275 | D        | Found Ryramm's Magic Scroll Emporium.
   275 | D        | Found Voguhaz's Magic Scroll Shoppe.
   340 | D        | Noticed a queen bee
   379 | D        | Reached *** piety under Dithmenos
   379 | D        | Reached XP level 8. HP: 27/46 MP: 6/13
   380 | D        | Killed a queen bee
   560 | D        | Noticed an oklob plant
   572 | D        | Killed an oklob plant
   572 | D        | Reached skill level 14 in Stealth
   690 | D        | Noticed a burning bush
   694 | D        | Killed a burning bush
   694 | D        | Reached skill level 15 in Stealth
   703 | D        | Noticed a burning bush
   703 | D        | Noticed an oklob plant
   704 | D        | Noticed a wandering mushroom
   705 | D        | Killed a burning bush
   705 | D        | Reached XP level 9. HP: 52/52 MP: 14/14
   712 | D        | Killed an oklob plant
   712 | D        | Reached **** piety under Dithmenos
   712 | D        | Reached skill level 15 in Short Blades
   724 | D        | Killed a wandering mushroom
   724 | D        | Reached skill level 16 in Stealth
   856 | D        | Noticed a spriggan druid
   858 | D        | Killed a spriggan druid
   858 | D        | Reached skill level 5 in Hexes
   873 | D        | Noticed an oklob plant conjurer
   875 | D        | Killed an oklob plant conjurer
   875 | D        | Reached skill level 17 in Stealth
   875 | D        | Reached skill level 5 in Spellcasting
   887 | D        | Learned a level 3 spell: Mephitic Cloud
  1021 | D        | Noticed Agnes
  1024 | D        | Noticed an oklob plant
  1024 | D        | Noticed an oklob plant summoner
  1027 | D        | Noticed an oklob plant shifter
  1032 | D        | Killed an oklob plant
  1325 | D        | Killed an oklob plant shifter
  1325 | D        | Reached ***** piety under Dithmenos
  1325 | D        | Reached XP level 10. HP: 58/58 MP: 8/22
  1329 | D        | Killed an oklob plant summoner
  1329 | D        | Reached skill level 18 in Stealth
  1413 | D        | Noticed a spriggan rider
  1414 | D        | Found Hema's Assorted Antiques.
  1430 | D        | Slain by a spriggan rider

Skill      XL: |  1  2  3  4  5  6  7  8  9 10 |
---------------+-------------------------------+-----
Fighting       | 1 2 3 5 6 7 8 9 |  9.1
Short Blades   | 3 4 6 7 9 11 13 14 15 | 15.8
Stealth        | 5 6 7 8 10 12 13 15 17 18 | 18.6
Spellcasting   | 7 8 |  8.8
Hexes          | 7 9 |  9.1
Dodging        | |  3.0

Action                   |  1- 3 |  4- 6 |  7- 9 | 10-12 || total
-------------------------+-------+-------+-------+-------++-------
Melee: Dagger            |     6 |    21 |    50 |     7 ||    84
 Cast: Ensorcelled Hiber |     1 |     2 |     6 |     1 ||    10
       Confuse           |       |       |    14 |     6 ||    20
       Dazzling Spray    |       |       |     4 |       ||     4
Invok: Shadow Step       |       |       |     1 |       ||     1
 Abil: Evoke Invisibilit |     1 |     1 |       |       ||     2
  Use: Potion            |       |     1 |     3 |       ||     4
 Stab: Sleeping          |     4 |     4 |    10 |     2 ||    20
       Confused          |       |       |     7 |     2 ||     9
       Invisible         |       |       |     2 |       ||     2
Armor: Robe              |       |       |     2 |     1 ||     3
Dodge: Dodged            |     2 |     5 |    46 |     4 ||    57
